 Dungeon Crawl Stone Soup version 0.24.1-14-gf8d2b509d9 (webtiles) character file.

Game seed: 7830047081575395351, levelgen mode: deterministic

53 Hugehornet the Insei (level 3, -2/23 HPs)
             Began as an Octopode Transmuter on May 17, 2020.
             Slain by an ogre
             ... wielding a +0 giant club
              (25 damage)
             ... on level 2 of the Dungeon.
             The game lasted 00:02:38 (1724 turns).

Hugehornet the Insei (Octopode Transmuter)          Turns: 1724, Time: 00:02:38

Health: -2/23      AC:  2    Str:  9    XL:     3   Next: 89%
Magic:  4/7        EV: 19    Int: 16    God:
Gold:   102        SH:  0    Dex: 17    Spells: 2/8 levels left

rFire    . . .     SeeInvis .     - Unarmed
rCold    . . .     Gourm    .   (shield currently unavailable)
rNeg     . . .     Faith    .   (helmet currently unavailable)
rPois    x         Spirit   .   (no amulet)
rElec    .         Reflect  .   (no ring)
rCorr    .         Harm     .   (no ring)
MR       .....                  (no ring)
Stlth    ++........             (no ring)
HPRegen  0.07/turn              (no ring)
MPRegen  0.10/turn              (no ring)
                                (no ring)
                                (no ring)

@: spider-form (expiring)
A: tiny, almost no armour, stealthy swim, (amphibious), 8 rings, (constrict 8)
a: End Transformation


You were on level 2 of the Dungeon.
You were not hungry.
You were a venomous arachnid creature.
You visited 1 branch of the dungeon, and saw 2 of its levels.

You collected 102 gold pieces.

Inventory:

Missiles
 a - 29 arrows
Jewellery
 j - a +3 ring of dexterity
Scrolls
 b - a scroll of enchant weapon {unknown}
 e - 3 scrolls of teleportation {unknown}
 f - a scroll of noise {unknown}
 h - a scroll of identify {unknown}
 i - a scroll of amnesia {unknown}
Potions
 d - a potion of heal wounds {unknown}
 g - 3 potions of agility {unknown}
 k - a potion of lignification {unknown}
 l - a potion of might {unknown}
Comestibles
 c - 6 rations


   Skills:
 - Level 1.0 Fighting
 - Level 2.0 Dodging
 + Level 3.0 Unarmed Combat
 - Level 3.0 Spellcasting
 - Level 3.0 Transmutations
 * Level 0.6 Poison Magic


You had 2 spell levels left.
You knew the following spells:

 Your Spells              Type           Power        Failure   Level  Hunger
a - Beastly Appendage     Tmut           ##....       16%         1    #......
b - Sticks to Snakes      Tmut           ##......     22%         2    ##.....
c - Spider Form           Tmut/Pois      #.........   47%         3    ###....

Your spell library contained the following spells:

 Spells                   Type           Power        Failure   Level  Hunger
 Ice Form                 Ice/Tmut       #.......     86%         4    #####..
 Blade Hands              Tmut           ##........   94%         5    ######.


Dungeon Overview and Level Annotations

Branches:
Dungeon (2/15)

Altars:


Innate Abilities, Weirdness & Mutations

You cannot wear most types of armour.
You are very stealthy in the water. (Stealth+)
((You are amphibious.))
You can wear up to eight rings at the same time.
((You can use your tentacles to constrict eight enemies at once.))
((Your skin changes colour to match your surroundings (Stealth+).))
((Your rubbery body absorbs attacks. (AC +1, EV +1)))


Message History

You tentacle-slap the bat.
You kill the bat!
No target in view!
No target in view!
Magic restored.
Your transformation is almost over.
g - 3 murky brown potions (gained 2)
Your tentacle spike disappears.
An ogre comes into view. It is wielding a +0 giant club.
An ogre is nearby!
Casting: Beastly Appendage (safe; 5% risk of failure)
Confirm with . or Enter, or press ? or * to list all spells.
You turn into a venomous arachnid creature.
The ogre shouts!
Your transformation is almost over.
A frilled lizard comes into view.
You barely miss the ogre.
The ogre hits you with a +0 giant club!!
Ouch! That really hurt!
You die...

##.###.........#
#....>.........#
#...###.......... .
###.................
..#...##...........#..
..)....##..........#..
....<..)#..........#..
......................##
......Os##........#.....
.......#####...........#
......# ..###.#..##..
..#### ''# #####... .
..# #... .# #... #...
#.)( #.(.


You could see an ogre.

Vanquished Creatures
  An adder (D:2)
  2 worms (D:2)
  A leopard gecko (D:2)
  A giant cockroach (D:2)
  4 goblins (D:1)
  9 hobgoblins
  6 kobolds
  A ball python (D:1)
  6 bats
  2 frilled lizards
  5 rats
38 creatures vanquished.

Notes
Turn   | Place    | Note
-------+----------+-------------------------------------------
     0 | D:1      | Hugehornet the Octopode Transmuter began the quest for the
                  | Orb.
     0 | D:1      | Reached XP level 1. HP: 13/13 MP: 3/3
   379 | D:1      | Reached XP level 2. HP: 18/18 MP: 3/5
   976 | D:2      | Reached XP level 3. HP: 17/23 MP: 4/6
  1580 | D:2      | Learned a level 2 spell: Sticks to Snakes
  1584 | D:2      | Learned a level 3 spell: Spider Form
  1716 | D:2      | Noticed an ogre
  1724 | D:2      | Slain by an ogre

Levels and vault maps discovered:
D:1:      dpeg_arrival_stone_temple_mockup, layout_rooms, chequers_mini_garden
D:2:      layout_rooms, nemelex_altar_shiori

Skill      XL: |  1  2  3 |
---------------+----------+-----
Transmutations | 3 |  3.0
Spellcasting   | 3 |  3.0
Fighting       | |  1.0
Dodging        | |  2.0
Unarmed Combat | |  3.0
Poison Magic   | |  0.6

Action                   || total
-------------------------++-------
Melee: Unarmed           ||    89
       Constrict         ||    27
       Kick              ||    20
       Tentacles         ||    13
       Punch             ||     1
 Cast: Beastly Appendage ||    22
       Spider Form       ||     1
 Stab: Sleeping          ||     3
  Eat: Chunk             ||     3
Armor: Skin              ||     7
Dodge: Dodged            ||    61
